Workbook

Sheet Годовая сумма
A1: Примечание: Заполнению подлежат только ячейки выделенные желтым цветом. | D1: НАЛОГОВЫЙ РЕГИСТР ПО НАЛОГУ НА ИМУЩЕСТВО
A3: ИИН/БИН | C3: 999999999999
A4: Наименование налогоплательщика | C4: ТОО "АБВ"
A5: Налоговый период: год | C5: 2017
A6: Налоговый орган (код) | C6: 6007
A8: № п/п | B8: Наименование объектов налогообложения | C8: Адрес местонахождения объектов | D8: Инвентарный номер | E8: Балансовая стоимость объектов налогообложения | R8: Среднегодовая балансовая стоимость (1/13 суммы граф с 5 по 17) | S8: Ставка налога | T8: Сумма налога за налоговый период (гр.18 х гр.19) | U8: Исчислено текущих платежей за налоговый период | V8: Сумма налога к начислению (+) / к уменьшению (-) (гр.20 - гр.21)
E9: на 1 января | F9: на 1 февраля | G9: на 1 марта | H9: на 1 апреля | I9: на 1 мая | J9: на 1 июня | K9: на 1 июля | L9: на 1 августа | M9: на 1 сентября | N9: на 1 октября | O9: на 1 ноября | P9: на 1 декабря | Q9: на 1 января след. налогового периода
A10: 1 | B10: 2 | C10: 3 | D10: 4 | E10: 5 | F10: 6 | G10: 7 | H10: 8 | I10: 9 | J10: 10 | K10: 11 | L10: 12 | M10: 13 | N10: 14 | O10: 15 | P10: 16 | Q10: 17 | R10: 18 | S10: 19 | T10: 20 | U10: 21 | V10: 22
B21: Итого | E21: =SUM(E11:E20) -> 0 | F21: =SUM(F11:F20) -> 0 | G21: =SUM(G11:G20) -> 0 | H21: =SUM(H11:H20) -> 0 | I21: =SUM(I11:I20) -> 0 | J21: =SUM(J11:J20) -> 0 | K21: =SUM(K11:K20) -> 0 | L21: =SUM(L11:L20) -> 0 | ... Q21: =SUM(Q11:Q20) -> 0 | R21: =ROUND(SUM(E21:Q21)/13,2) -> 0 | S21: 0.015 | T21: =ROUND(R21*S21,0) -> 0 | U21: ='Текущие платежи'!M32 -> 0 | V21: =T21-U21 -> 0
A23: Ф.И.О., подпись руководителя (налогоплательщика), печать
A24: Ф.И.О., подпись главного бухгалтера
A25: Ф.И.О., подпись лица, ответственного за составление нал. регистра
A26: Дата составления налогового регистра

Sheet Текущие платежи
A1: Примечание: Заполнению подлежат только ячейки выделенные желтым цветом. | D1: НАЛОГОВЫЙ РЕГИСТР ПО РАСЧЕТУ ТЕКУЩИХ ПЛАТЕЖЕЙ ПО НАЛОГУ НА ИМУЩЕСТВО
A3: ИИН/БИН | C3: ='Годовая сумма'!C3 -> 999999999999
A4: Наименование налогоплательщика | C4: ='Годовая сумма'!C4 -> ТОО "АБВ"
A5: Налоговый период: год | C5: ='Годовая сумма'!C5 -> 2017
A6: Налоговый орган (код) | C6: ='Годовая сумма'!C6 -> 6007
A8: № п/п | B8: Наименование объектов налогообложения | C8: Адрес местонахождения | D8: Инвентарный номер | E8: Дата поступления объектов налогообложения | F8: Дата выбытия объектов налогообложения | G8: Кол-во месяцев владения объектами в налоговом периоде / месяцев до конца налогового периода при выбытии объектов | H8: Балансовая ст-ть объектов на 1 января | I8: Первоначальная стоимость поступивших объектов | J8: Стоимость выбывших объектов | L8: Ставка налога | M8: Начисление (+) / уменьшение (-) текущих платежей
J9: Первоначальная стоимость на дату поступления по поступившим в текущем налоговом периоде | K9: Балансовая стоимость на начало налогового периода по имевшимся на начало налогового периода | M9: всего исчислено текущих платежей (гр.8 х гр.12 или гр.9 / 13 х гр.7 х гр.12 или гр.10 / 13 х гр.7 х гр.12 или гр.11 / 13 х гр.7 х гр.12) | N9: по сроку уплаты не позднее 25 февраля | O9: по сроку уплаты не позднее 25 мая | P9: по сроку уплаты не позднее 25 августа | Q9: по сроку уплаты не позднее 25 ноября
A10: 1 | B10: 2 | C10: 3 | D10: 4 | E10: 5 | F10: 6 | G10: 7 | H10: 8 | I10: 9 | J10: 10 | K10: 11 | L10: 12 | M10: 13 | N10: 14 | O10: 15 | P10: 16 | Q10: 17
A11: I. | B11: По объектам налогообложения, имеюшимся на начало налогового периода
B17: Итого по группе I | H17: =SUM(H12:H16) -> 0 | L17: 0.015 | M17: =ROUND(H17*L17,0) -> 0 | N17: =ROUND(M17/4,0) -> 0 | O17: =ROUND(M17/4,0) -> 0 | P17: =ROUND(M17/4,0) -> 0 | Q17: =M17-SUM(N17:P17) -> 0
A18: II. | B18: По объектам налогообложения, поступившим в течение налогового периода
L19: 0.015 | M19: =IF(G19<3,0,ROUND(I19/13*G19*L19,0)) -> 0 | N19: =IF(G19=12,ROUND(M19/4,0),0) -> 0 | O19: =IF(N19=0,IF(G19<=11,IF(G19>=9,ROUND(M19/3,0),0),0),ROUND(M19/4,0)) -> 0 | P19: =IF(N19=0,IF(O19=0,IF(G19<=8,IF(G19>=6,ROUND(M19/2,0),0),0),ROUND(M19/3,0)),ROUND(M19/4,0)) -> 0 | Q19: =IF(N19=0,IF(O19=0,IF(P19=0,IF(G19<=5,IF(G19>=3,M19,0),0),M19-P19),M19-O19-P19),M19-N19-O19-P19) -> 0
L20: 0.015 | M20: =IF(G20<3,0,ROUND(I20/13*G20*L20,0)) -> 0 | N20: =IF(G20=12,ROUND(M20/4,0),0) -> 0 | O20: =IF(N20=0,IF(G20<=11,IF(G20>=9,ROUND(M20/3,0),0),0),ROUND(M20/4,0)) -> 0 | P20: =IF(N20=0,IF(O20=0,IF(G20<=8,IF(G20>=6,ROUND(M20/2,0),0),0),ROUND(M20/3,0)),ROUND(M20/4,0)) -> 0 | Q20: =IF(N20=0,IF(O20=0,IF(P20=0,IF(G20<=5,IF(G20>=3,M20,0),0),M20-P20),M20-O20-P20),M20-N20-O20-P20) -> 0
L21: 0.015 | M21: =IF(G21<3,0,ROUND(I21/13*G21*L21,0)) -> 0 | N21: =IF(G21=12,ROUND(M21/4,0),0) -> 0 | O21: =IF(N21=0,IF(G21<=11,IF(G21>=9,ROUND(M21/3,0),0),0),ROUND(M21/4,0)) -> 0 | P21: =IF(N21=0,IF(O21=0,IF(G21<=8,IF(G21>=6,ROUND(M21/2,0),0),0),ROUND(M21/3,0)),ROUND(M21/4,0)) -> 0 | Q21: =IF(N21=0,IF(O21=0,IF(P21=0,IF(G21<=5,IF(G21>=3,M21,0),0),M21-P21),M21-O21-P21),M21-N21-O21-P21) -> 0
L22: 0.015 | M22: =IF(G22<3,0,ROUND(I22/13*G22*L22,0)) -> 0 | N22: =IF(G22=12,ROUND(M22/4,0),0) -> 0 | O22: =IF(N22=0,IF(G22<=11,IF(G22>=9,ROUND(M22/3,0),0),0),ROUND(M22/4,0)) -> 0 | P22: =IF(N22=0,IF(O22=0,IF(G22<=8,IF(G22>=6,ROUND(M22/2,0),0),0),ROUND(M22/3,0)),ROUND(M22/4,0)) -> 0 | Q22: =IF(N22=0,IF(O22=0,IF(P22=0,IF(G22<=5,IF(G22>=3,M22,0),0),M22-P22),M22-O22-P22),M22-N22-O22-P22) -> 0
L23: 0.015 | M23: =IF(G23<3,0,ROUND(I23/13*G23*L23,0)) -> 0 | N23: =IF(G23=12,ROUND(M23/4,0),0) -> 0 | O23: =IF(N23=0,IF(G23<=11,IF(G23>=9,ROUND(M23/3,0),0),0),ROUND(M23/4,0)) -> 0 | P23: =IF(N23=0,IF(O23=0,IF(G23<=8,IF(G23>=6,ROUND(M23/2,0),0),0),ROUND(M23/3,0)),ROUND(M23/4,0)) -> 0 | Q23: =IF(N23=0,IF(O23=0,IF(P23=0,IF(G23<=5,IF(G23>=3,M23,0),0),M23-P23),M23-O23-P23),M23-N23-O23-P23) -> 0
B24: Итого по группе II | I24: =SUM(I19:I23) -> 0 | L24: 0.015 | M24: =SUM(M19:M23) -> 0 | N24: =SUM(N19:N23) -> 0 | O24: =SUM(O19:O23) -> 0 | P24: =SUM(P19:P23) -> 0 | Q24: =SUM(Q19:Q23) -> 0
A25: III. | B25: По объектам налогообложения, выбывшим в течение налогового периода
L26: 0.015 | M26: =IF(G26<3,0,IF(J26=0,ROUND(-K26/13*G26*L26,0),ROUND(-J26/13*G26*L26,0))) -> 0 | N26: =IF(G26=12,ROUND(M26/4,0),0) -> 0 | O26: =IF(N26=0,IF(G26<=11,IF(G26>=9,ROUND(M26/3,0),0),0),ROUND(M26/4,0)) -> 0 | P26: =IF(N26=0,IF(O26=0,IF(G26<=8,IF(G26>=6,ROUND(M26/2,0),0),0),ROUND(M26/3,0)),ROUND(M26/4,0)) -> 0 | Q26: =IF(N26=0,IF(O26=0,IF(P26=0,IF(G26<=5,IF(G26>=3,M26,0),0),M26-P26),M26-O26-P26),M26-N26-O26-P26) -> 0
L27: 0.015 | M27: =IF(G27<3,0,IF(J27=0,ROUND(-K27/13*G27*L27,0),ROUND(-J27/13*G27*L27,0))) -> 0 | N27: =IF(G27=12,ROUND(M27/4,0),0) -> 0 | O27: =IF(N27=0,IF(G27<=11,IF(G27>=9,ROUND(M27/3,0),0),0),ROUND(M27/4,0)) -> 0 | P27: =IF(N27=0,IF(O27=0,IF(G27<=8,IF(G27>=6,ROUND(M27/2,0),0),0),ROUND(M27/3,0)),ROUND(M27/4,0)) -> 0 | Q27: =IF(N27=0,IF(O27=0,IF(P27=0,IF(G27<=5,IF(G27>=3,M27,0),0),M27-P27),M27-O27-P27),M27-N27-O27-P27) -> 0
L28: 0.015 | M28: =IF(G28<3,0,IF(J28=0,ROUND(-K28/13*G28*L28,0),ROUND(-J28/13*G28*L28,0))) -> 0 | N28: =IF(G28=12,ROUND(M28/4,0),0) -> 0 | O28: =IF(N28=0,IF(G28<=11,IF(G28>=9,ROUND(M28/3,0),0),0),ROUND(M28/4,0)) -> 0 | P28: =IF(N28=0,IF(O28=0,IF(G28<=8,IF(G28>=6,ROUND(M28/2,0),0),0),ROUND(M28/3,0)),ROUND(M28/4,0)) -> 0 | Q28: =IF(N28=0,IF(O28=0,IF(P28=0,IF(G28<=5,IF(G28>=3,M28,0),0),M28-P28),M28-O28-P28),M28-N28-O28-P28) -> 0
L29: 0.015 | M29: =IF(G29<3,0,IF(J29=0,ROUND(-K29/13*G29*L29,0),ROUND(-J29/13*G29*L29,0))) -> 0 | N29: =IF(G29=12,ROUND(M29/4,0),0) -> 0 | O29: =IF(N29=0,IF(G29<=11,IF(G29>=9,ROUND(M29/3,0),0),0),ROUND(M29/4,0)) -> 0 | P29: =IF(N29=0,IF(O29=0,IF(G29<=8,IF(G29>=6,ROUND(M29/2,0),0),0),ROUND(M29/3,0)),ROUND(M29/4,0)) -> 0 | Q29: =IF(N29=0,IF(O29=0,IF(P29=0,IF(G29<=5,IF(G29>=3,M29,0),0),M29-P29),M29-O29-P29),M29-N29-O29-P29) -> 0
L30: 0.015 | M30: =IF(G30<3,0,IF(J30=0,ROUND(-K30/13*G30*L30,0),ROUND(-J30/13*G30*L30,0))) -> 0 | N30: =IF(G30=12,ROUND(M30/4,0),0) -> 0 | O30: =IF(N30=0,IF(G30<=11,IF(G30>=9,ROUND(M30/3,0),0),0),ROUND(M30/4,0)) -> 0 | P30: =IF(N30=0,IF(O30=0,IF(G30<=8,IF(G30>=6,ROUND(M30/2,0),0),0),ROUND(M30/3,0)),ROUND(M30/4,0)) -> 0 | Q30: =IF(N30=0,IF(O30=0,IF(P30=0,IF(G30<=5,IF(G30>=3,M30,0),0),M30-P30),M30-O30-P30),M30-N30-O30-P30) -> 0
B31: Итого по группе III | J31: =SUM(J26:J30) -> 0 | K31: =SUM(K26:K30) -> 0 | L31: 0.015 | M31: =SUM(M26:M30) -> 0 | N31: =SUM(N26:N30) -> 0 | O31: =SUM(O26:O30) -> 0 | P31: =SUM(P26:P30) -> 0 | Q31: =SUM(Q26:Q30) -> 0
B32: Всего текущих платежей по срокам уплаты | M32: =M17+M24+M31 -> 0 | N32: =N17+N24+N31 -> 0 | O32: =O17+O24+O31 -> 0 | P32: =P17+P24+P31 -> 0 | Q32: =Q17+Q24+Q31 -> 0
A34: Ф.И.О., подпись руководителя (налогоплательщика), печать
A35: Ф.И.О., подпись главного бухгалтера
A36: Ф.И.О., подпись лица, ответственного за составление нал. регистра
A37: Дата составления налогового регистра

Sheet Контрольная ведомость
A1: Примечание: Заполнению подлежат только ячейки выделенные желтым цветом. | E1: КОНТРОЛЬНАЯ ВЕДОМОСТЬ ПО ИСЧИСЛЕННЫМ ТЕКУЩИМ ПЛАТЕЖАМ, ИХ КОРРЕКТИРОВКЕ В СООТВЕТСТВИИ С ДЕКЛАРАЦИЕЙ И ПРОИЗВЕДЕННОЙ ОПЛАТЕ
A3: ИИН/БИН | E3: ='Годовая сумма'!C3 -> 999999999999
A4: Наименование налогоплательщика | E4: ='Годовая сумма'!C4 -> ТОО "АБВ"
A5: Налоговый период: год | E5: ='Годовая сумма'!C5 -> 2017
A6: Налоговый орган (код) | E6: ='Годовая сумма'!C6 -> 6007
A8: Месяц текущего налогового периода | B8: Сальдо на начало периода, переплата(+) /долг(-) | D8: Начислено текущих платежей по расчетам (форма 701.01) | N8: По данным лицевого счета налог к начислению(+) / к уменьшению(-) по декларации за предыдущий налоговый период | O8: По данным баланса налог к начислению(+) / к уменьшению(-) по декларации за текущий налоговый период | P8: Оплачено по банку(Б) / переброска по лицевому(Л) | S8: Сальдо на конец периода, переплата(+) /долг(-)
D9: по состоянию на начало налог. периода | E9: поправки по срокам (+,-) | M9: Всего | P9: Б / Л | Q9: дата | R9: сумма
B10: по лицевому счету | C10: по балансу | E10: доп.форма на 1_февраля | F10: доп.форма на 1_мая | G10: доп.форма на 1_августа | H10: доп.форма на 1_ноября | S10: по лицевому счету | T10: по балансу
A11: 1 | B11: 2 | C11: 3 | D11: 4 | E11: 5 | F11: 6 | G11: 7 | H11: 8 | I11: 9 | J11: 10 | K11: 11 | L11: 12 | M11: 13 | N11: 14 | O11: 15 | P11: 16 | Q11: 17 | R11: 18 | S11: 19 | T11: 20
A12: январь | M12: =SUM(D12:L12) -> 0 | S12: =B12-M12-N12+R12 -> 0 | T12: =C12-M12-O12+R12 -> 0
A13: февраль (25) | B13: =S12 -> 0 | C13: =T12 -> 0 | D13: ='Текущие платежи'!N17 -> 0 | M13: =SUM(D13:L13) -> 0 | S13: =B13-M13-N13+R13 -> 0 | T13: =C13-M13-O13+R13 -> 0
A14: март | B14: =S13 -> 0 | C14: =T13 -> 0 | M14: =SUM(D14:L14) -> 0 | S14: =B14-M14-N14+R14 -> 0 | T14: =C14-M14-O14+R14 -> 0
A15: апрель | B15: =S14 -> 0 | C15: =T14 -> 0 | M15: =SUM(D15:L15) -> 0 | S15: =B15-M15-N15+R15 -> 0 | T15: =C15-M15-O15+R15 -> 0
A16: май (25) | B16: =S15 -> 0 | C16: =T15 -> 0 | D16: ='Текущие платежи'!O17 -> 0 | M16: =SUM(D16:L16) -> 0 | S16: =B16-M16-N16+R16 -> 0 | T16: =C16-M16-O16+R16 -> 0
A17: июнь | B17: =S16 -> 0 | C17: =T16 -> 0 | M17: =SUM(D17:L17) -> 0 | S17: =B17-M17-N17+R17 -> 0 | T17: =C17-M17-O17+R17 -> 0
A18: июль | B18: =S17 -> 0 | C18: =T17 -> 0 | M18: =SUM(D18:L18) -> 0 | S18: =B18-M18-N18+R18 -> 0 | T18: =C18-M18-O18+R18 -> 0
A19: август (25) | B19: =S18 -> 0 | C19: =T18 -> 0 | D19: ='Текущие платежи'!P17 -> 0 | M19: =SUM(D19:L19) -> 0 | S19: =B19-M19-N19+R19 -> 0 | T19: =C19-M19-O19+R19 -> 0
A20: сентябрь | B20: =S19 -> 0 | C20: =T19 -> 0 | M20: =SUM(D20:L20) -> 0 | S20: =B20-M20-N20+R20 -> 0 | T20: =C20-M20-O20+R20 -> 0
A21: октябрь | B21: =S20 -> 0 | C21: =T20 -> 0 | M21: =SUM(D21:L21) -> 0 | S21: =B21-M21-N21+R21 -> 0 | T21: =C21-M21-O21+R21 -> 0
A22: ноябрь (25) | B22: =S21 -> 0 | C22: =T21 -> 0 | D22: ='Текущие платежи'!Q17 -> 0 | M22: =SUM(D22:L22) -> 0 | S22: =B22-M22-N22+R22 -> 0 | T22: =C22-M22-O22+R22 -> 0
A23: декабрь | B23: =S22 -> 0 | C23: =T22 -> 0 | M23: =SUM(D23:L23) -> 0 | O23: ='Годовая сумма'!V21 -> 0 | S23: =B23-M23-N23+R23 -> 0 | T23: =C23-M23-O23+R23 -> 0
A24: Итого за год | B24: =B12 -> 0 | C24: =C12 -> 0 | D24: =SUM(D12:D23) -> 0 | E24: =SUM(E12:E23) -> 0 | F24: =SUM(F12:F23) -> 0 | G24: =SUM(G12:G23) -> 0 | H24: =SUM(H12:H23) -> 0 | I24: =SUM(I12:I23) -> 0 | J24: =SUM(J12:J23) -> 0 | K24: =SUM(K12:K23) -> 0 | L24: =SUM(L12:L23) -> 0 | M24: =SUM(D24:L24) -> 0 | N24: =SUM(N12:N23) -> 0 | O24: =SUM(O12:O23) -> 0 | R24: =SUM(R12:R23) -> 0 | S24: =B24-M24-N24+R24 -> 0 | T24: =C24-M24-O24+R24 -> 0
A25: Контрольные сумма по строкам | M25: =SUM(M12:M23) -> 0

Sheet Лист3
